 Dungeon Crawl Stone Soup version 0.20.0-15-g7f486f2 (webtiles) character file.

2121 botchamania the Changer (level 9, -1/53 HPs)
             Began as an Octopode Transmuter on June 28, 2017.
             Was a Follower of Okawaru.
             Shot with an arrow by a centaur (16 damage)
             ... on level 5 of the Dungeon.
             The game lasted 00:32:45 (10051 turns).

botchamania the Changer (Octopode Transmuter)      Turns: 10051, Time: 00:32:46

Health: -1/53      AC:  1    Str: 13    XL:     9   Next: 29%
Magic:  12/12      EV: 16    Int: 17    God:    Okawaru [*.....]
Gold:   379        SH:  0    Dex: 13    Spells: 2/12 levels left

rFire    . . .     SeeInvis .     - Unarmed
rCold    . . .     Gourm    .   (no shield)
rNeg     . . .     Faith    .   (helmet restricted)
rPois    .         Spirit   .   (no amulet)
rElec    .         Reflect  .   c - +3 ring of strength
rCorr    .         Harm     .   (no ring)
MR       .....                  (no ring)
Stlth    ++........             (no ring)
Regen    0.2/turn               (no ring)
MPRegen  0.2/turn               (no ring)
                                (no ring)
                                (no ring)

@: drained
A: almost no armour, stealthy swim, amphibious, 8 rings, constrict 8, camouflage
1, gelatinous body 1
a: Heroism, Renounce Religion


You were on level 5 of the Dungeon.
You worshipped Okawaru.
Okawaru was aware of your devotion.
You were not hungry.

You visited 1 branch of the dungeon, and saw 7 of its levels.
You also visited: Sewer.

You collected 379 gold pieces.

Inventory:

Missiles
 g - 253 stones (quivered)
 u - 55 arrows
Jewellery
 c - a +3 ring of strength (left tentacle)
Wands
 t - a wand of polymorph (14/24)
Scrolls
 a - a scroll of fear
 d - 5 scrolls of recharging
 f - a scroll of enchant weapon {unknown}
 n - 3 scrolls of remove curse
 o - 2 scrolls of fog
 y - a scroll of amnesia
 B - a scroll of teleportation
Potions
 e - a potion of invisibility
 j - 3 potions of brilliance
 k - 2 potions of ambrosia {unknown}
 l - a potion of flight
 m - 2 potions of lignification
 p - a potion of magic {unknown}
 q - 2 potions of heal wounds {unknown}
 s - a potion of mutation {unknown}
 A - a potion of cancellation
Books
 b - a book of Changes

   Spells                             Type                      Level
   a - Beastly Appendage              Transmutation                1
   b - Sticks to Snakes               Transmutation                2
   c - Spider Form                    Transmutation/Poison         3
   d - Ice Form                       Ice/Transmutation            4
   e - Blade Hands                    Transmutation                5
Comestibles
 h - a royal jelly
 i - 2 chunks of flesh
 z - 4 meat rations


   Skills:
 - Level 1.0(0.4) Fighting
 + Level 6.7(6.0) Dodging
 + Level 6.8(6.1) Unarmed Combat
 - Level 2.0(1.4) Spellcasting
 + Level 7.4(6.7) Transmutations
 - Level 4.0(3.4) Poison Magic


You had 2 spell levels left.
You knew the following spells:

 Your Spells              Type           Power        Failure   Level  Hunger
a - Beastly Appendage     Tmut           ###...       1%          1    ##.....
b - Sticks to Snakes      Tmut           ###.....     1%          2    ###....
c - Spider Form           Tmut/Pois      ###.......   8%          3    ####...
d - Ice Form              Ice/Tmut       ##......     45%         4    #####..


Dungeon Overview and Level Annotations

Branches:
Dungeon (7/15)
 Temple: D:4-7

Altars:
Ashenzari
Cheibriados
Dithmenos
Elyvilon
Hepliaklqana
Okawaru
Uskayaw
Vehumet
Zin
The Shining One

Shops:
D:4 (

Annotations:
D:5 Exporg's ghost, novice MiFi


Innate Abilities, Weirdness & Mutations

You cannot wear most types of armour.
You are very stealthy in the water. (Stealth+)
You are amphibious.
You can wear up to eight rings at the same time.
You can use your tentacles to constrict eight enemies at once.
Your skin changes colour to match your surroundings (Stealth+).
Your rubbery body absorbs attacks. (AC +1, EV +1)


Message History

You start resting.
Your transformation has ended.
You start resting.
Magic restored.
You start resting.
You start resting.
A centaur comes into view.
A centaur is nearby!
You are too injured to fight recklessly!
You are too injured to fight recklessly!
Unknown command.
Unknown command.
Unknown command.
The centaur wields a shortbow.
The centaur shoots an arrow.
The arrow barely misses you.
The centaur shoots an arrow.
The arrow hits you!
* * * LOW HITPOINT WARNING * * *
You see here an arrow.
Unknown command.
The centaur shoots an arrow.
The arrow hits you!
You die...

..#.#...########.#.#..#..##.#
#.#.#...#..........#.....##.#
#.#.#...#.######...#..#.###.#
#.#.#...#..........#..#.# #.#
#.#.#...#######....#....# #.#
#.#.#....# #....####.###.#
#.#.#....######...)))...#...#
..#.#...........[#(######.###
....#....#.#####@(........#
....#........[c..#.########
....#..##...##.[........#
....#....<..##.#.#..###.#
....#..###.###.#.#..# #.#
...##...............# #.#
#####.####.###.#.##.###.######
#........#.#.............#
#######..#.#.##.###.####.#


You could see a centaur.

Vanquished Creatures
  The ghost of Exporg the Cudgeler, a novice MiFi of Okawaru (D:6)
  An orc warrior (D:5)
  2 ice beasts
  A centaur (D:6)
  An ogre (D:6)
  2 bullfrogs
  A water moccasin zombie (D:7)
  A scorpion (D:6)
  3 wights (D:6)
  A crimson imp (D:6)
  2 bullfrog zombies
  A hound (D:4)
  A jelly (D:6)
  A gnoll shaman (D:7)
  3 orc priests
  4 orc wizards
  3 iguanas
  6 worker ants
  A worker ant zombie (D:5)
  6 gnolls
  13 adders
  2 shadow imps
  An adder skeleton (D:4)
  2 adder zombies
  4 worms
  3 dart slugs
  6 leopard geckos
  30 orcs
  6 bats
  4 giant cockroaches
  2 goblins (D:2)
  5 hobgoblins
  16 jackals
  5 quokkas
  3 ball pythons
  15 frilled lizards
  2 jackal skeletons (D:4)
  5 kobolds
  A leopard gecko zombie (D:5)
  A quokka skeleton (D:4)
  8 rats
176 creatures vanquished.

Vanquished Creatures (collateral kills)
  An adder (D:2)
  A dart slug (D:2)
  5 orcs (D:3)
  A ball python (Sewer)
  A giant cockroach (D:3)
  A hobgoblin (D:3)
  A rat (D:2)
11 creatures vanquished.

Grand Total: 187 creatures vanquished

Notes
Turn   | Place    | Note
-------+----------+-------------------------------------------
     0 | D:1      | botchamania the Octopode Transmuter began the quest for the Orb.
     0 | D:1      | Reached XP level 1. HP: 13/13 MP: 3/3
   465 | D:1      | Reached XP level 2. HP: 18/18 MP: 3/5
   656 | D:1      | Reached skill level 3 in Transmutations
   697 | D:1      | Learned a level 2 spell: Sticks to Snakes
  1130 | D:2      | Reached XP level 3. HP: 23/23 MP: 4/6
  1638 | D:2      | Reached skill level 4 in Transmutations
  1709 | D:2      | Learned a level 3 spell: Spider Form
  1741 | D:2      | Reached XP level 4. HP: 28/28 MP: 7/7
  1848 | D:2      | You fall through a shaft for 2 floors!
  1877 | D:3      | Reached skill level 1 in Poison Magic
  2119 | D:3      | Found a glowing drain.
  2189 | Sewer    | Entered a sewer
  2576 | Sewer    | Reached XP level 5. HP: 31/33 MP: 4/8
  4282 | D:4      | Reached XP level 6. HP: 33/38 MP: 9/9
  4365 | D:4      | Found a hazy altar of Hepliaklqana.
  4366 | D:4      | Noticed a phantom
  4657 | D:4      | Found Xammist's Weapon Shop.
  4809 | D:4      | Found a white marble altar of Elyvilon.
  4810 | D:4      | Found a glowing silver altar of Zin.
  4811 | D:4      | Found a glowing golden altar of the Shining One.
  5710 | D:5      | Entered Level 5 of the Dungeon
  5749 | D:5      | Found an iron altar of Okawaru.
  5805 | D:5      | Reached XP level 7. HP: 43/43 MP: 3/10
  5876 | D:5      | Reached skill level 5 in Transmutations
  5885 | D:5      | Learned a level 4 spell: Ice Form
  5922 | D:5      | Noticed Exporg's ghost (novice MiFi)
  7531 | D:6      | Noticed Exporg's ghost (novice MiFi)
  7574 | D:7      | Reached skill level 5 in Unarmed Combat
  7574 | D:7      | Reached XP level 8. HP: 13/48 MP: 9/11
  7933 | D:7      | Found a hide-covered altar of Uskayaw.
  7933 | D:7      | Found a shattered altar of Ashenzari.
  7935 | D:7      | Found a snail-covered altar of Cheibriados.
  7946 | D:7      | Found a shadowy altar of Dithmenos.
  7946 | D:7      | Found a radiant altar of Vehumet.
  7946 | D:7      | Found an iron altar of Okawaru.
  7962 | D:7      | Reached skill level 5 in Dodging
  7962 | D:7      | Reached skill level 6 in Transmutations
  7965 | D:7      | Became a worshipper of Warmaster Okawaru
  8881 | D:6      | Killed Exporg's ghost
  9157 | D:6      | Reached XP level 9. HP: 47/53 MP: 6/12
  9162 | D:6      | Reached * piety under Okawaru
  9320 | D:6      | Reached skill level 7 in Transmutations
  9682 | D:6      | HP: 1/53 [wight/halberd (5)]
 10051 | D:5      | Shot with an arrow by a centaur

Skill      XL: |  1  2  3  4  5  6  7  8  9 |
---------------+----------------------------+-----
Transmutations | 3 4 5 6 7 |  7.4
Poison Magic   | 3 4 |  4.0
Dodging        | 3 4 6 |  6.7
Unarmed Combat | 4 5 6 |  6.8
Fighting       | |  1.0
Spellcasting   | |  2.0

Action                   |  1- 3 |  4- 6 |  7- 9 || total
-------------------------+-------+-------+-------++-------
Melee: Unarmed           |    74 |   209 |   321 ||   604
       Constrict         |    19 |    31 |    11 ||    61
       Tentacles         |    11 |    18 |     9 ||    38
       Kick              |    12 |     8 |       ||    20
       Punch             |     2 |     1 |       ||     3
Throw: Stone             |    19 |     1 |       ||    20
 Cast: Beastly Appendage |    11 |     6 |       ||    17
       Sticks to Snakes  |     8 |    11 |     2 ||    21
       Spider Form       |       |    21 |    32 ||    53
Invok: Heroism           |       |       |     2 ||     2
  Use: Scroll            |     3 |     7 |     5 ||    15
       Potion            |       |       |     7 ||     7
 Stab: Sleeping          |     1 |     4 |     2 ||     7
       Distracted        |       |       |     1 ||     1
  Eat: Chunk             |     3 |    12 |    11 ||    26
       Bread ration      |       |     1 |     2 ||     3
       Fruit             |       |       |     2 ||     2
Armor: Skin              |     3 |    13 |    14 ||    30
Dodge: Dodged            |    49 |   161 |   332 ||   542
